 Dungeon Crawl Stone Soup version 0.20.1-1-g8b1a95d (webtiles) character file.

28 slep the Cudgeler (level 2, 0/19 HPs)
             Began as a Demonspawn Wanderer on Oct 22, 2017.
             Slain by a dart slug (2 damage)
             ... on level 1 of the Dungeon.
             The game lasted 00:03:37 (582 turns).

slep the Cudgeler (Demonspawn Wanderer)              Turns: 582, Time: 00:03:38

Health: 0/19       AC:  3    Str: 12    XL:     2   Next: 96%
Magic:  6/6        EV: 11    Int: 13    God:
Gold:   34         SH:  0    Dex: 12    Spells: 7/7 levels left

rFire    . . .     SeeInvis .   a - +2 mace
rCold    . . .     Gourm    .   (no shield)
rNeg     . . .     Faith    .   d - +0 robe
rPois    .         Spirit   .   (no helmet)
rElec    .         Reflect  .   (no cloak)
rCorr    .         Harm     .   k - +0 pair of gloves
MR       .....                  (no boots)
Stlth    ++........             (no amulet)
Regen    0.1/turn               (no ring)
MPRegen  0.1/turn               (no ring)

@: lethally poisoned (0 -> -11)
A: demonic guardian 1
a: no special abilities


You were on level 1 of the Dungeon.
You were not hungry.

You visited 1 branch of the dungeon, and saw 2 of its levels.

You collected 34 gold pieces.

Inventory:

Hand Weapons
 a - a +2 mace (weapon)
Armour
 d - a +0 robe (worn)
 k - a +0 pair of gloves (worn)
Scrolls
 e - 2 scrolls of recharging {unknown}
 h - a scroll of teleportation {unknown}
 i - 2 scrolls of remove curse {unknown}
 j - a scroll of amnesia {unknown}
 m - 2 scrolls of random uselessness {unknown}
 n - a scroll of fear {unknown}
Potions
 c - 2 potions of curing
 l - a potion of heal wounds {unknown}
Books
 b - the Compendium of the Oath

   Spells                             Type                      Level
   a - Slow                           Hexes                        2
   b - Ensorcelled Hibernation        Hexes/Ice                    2
Comestibles
 f - a bread ration
 g - 6 fruits
 o - a meat ration


   Skills:
 + Level 0.2 Fighting
 + Level 4.1 Maces & Flails
 + Level 1.0 Throwing
 + Level 1.0 Armour
 + Level 1.2 Stealth
 + Level 3.3 Spellcasting


You had 7 spell levels left.
You didn't know any spells.

Dungeon Overview and Level Annotations

Branches:
Dungeon (2/15)

Altars:


Innate Abilities, Weirdness & Mutations

A weak demonic guardian rushes to your aid.


Message History

The adder poisons you! The dart slug barely misses you.
You hit the adder but do no damage.
The adder is almost dead.
You feel sick.
The adder bites you. x2; The dart slug closely misses you.
You barely miss the adder.
The adder is almost dead.
* * * LOW HITPOINT WARNING * * *
You feel sick. The adder completely misses you.
You hit the adder.
You kill the adder!
* * * LOW HITPOINT WARNING * * *
You feel sick.
The dart slug bites you but does no damage.
* * * LOW HITPOINT WARNING * * *
You feel sick. The dart slug closely misses you.
You see here an adder corpse.
You hit the dart slug but do no damage.
* * * LOW HITPOINT WARNING * * *
You feel sick. The dart slug bites you.
You die...

#..##.# #≈≈≈≈≈# #.# ##)##.#
#≈≈>≈≈# #.# #.##.# ####### #.#
#.##.# #.# ####..#.# #.#
#.....#.# #.# #.....#.# #.#
#.......# #.# #######....#.@#
#.# #....)'....+w># #.#
#.#####....#### #.# #.# #....#
###.# #.# ###### #.... #.#
#.#.# #.# #.#.# #.# #.#.#
#.########################.#.#


You could see a dart slug.

Vanquished Creatures
  An adder (D:1)
  A dart slug (D:1)
  A leopard gecko (D:1)
  A giant cockroach (D:1)
  A goblin (D:1)
  3 hobgoblins (D:1)
  3 bats (D:1)
  3 kobolds (D:1)
  A rat (D:1)
15 creatures vanquished.

Vanquished Creatures (collateral kills)
  A hobgoblin (D:2)
1 creature vanquished.

Grand Total: 16 creatures vanquished

Notes
Turn   | Place    | Note
-------+----------+-------------------------------------------
     0 | D:1      | slep the Demonspawn Wanderer began the quest for the Orb.
     0 | D:1      | slep set off with: a +2 mace, the Compendium of the Oath, a potion of curing, a +0 robe, a bread ration
     0 | D:1      | Reached XP level 1. HP: 13/13 MP: 4/4
   117 | D:1      | Gained mutation: A weak demonic guardian rushes to your aid. [demonic ancestry]
   117 | D:1      | Reached XP level 2. HP: 19/19 MP: 6/6
   432 | D:1      | Reached skill level 4 in Maces & Flails
   582 | D:1      | Slain by a dart slug

Skill      XL: |  1  2 |
---------------+-------+-----
Maces & Flails | 4 |  4.1
Fighting       | |  0.2
Throwing       | |  1.0
Armour         | |  1.0
Stealth        | |  1.2
Spellcasting   | |  3.3

Action                   || total
-------------------------++-------
Melee: Mace              ||    43
 Stab: Sleeping          ||     3
Armor: Robe              ||    11
Dodge: Dodged            ||    31
